[Event "Mitropa Cup Open 2022"]
[Site "Corte"]
[Date "2022.05.01"]
[Round "2.2"]
[White "Kusa, Jakub"]
[Black "Kozak, Adam"]
[Result "1/2-1/2"]
[ECO "E18"]
[WhiteElo "2329"]
[BlackElo "2535"]
[Annotator "TA"]
[PlyCount "150"]
[EventDate "2022.04.30"]
[EventType "team-tourn"]
[EventCountry "FRA"]
[SourceTitle "playchess.com"]
[Source "ChessBase"]
[SourceQuality "1"]
[TimeControl "40/5400+30:1800+30"]

1. d4 Nf6 2. Nf3 b6 3. g3 Bb7 4. c4 e6 5. Bg2 Be7 6. O-O O-O 7. Nc3 Ne4 8. Qc2 {[%emt 0:01:16] 8.Bd2 is the modern continuation.} Nxc3 9. bxc3 Qc8 10. e4 {[%emt 0:05:06] E19: Queen's Indian: Old Main Line with 7...Ne4 8 Qc2 Nxc3 8 Qxc3.} (10. d5 $5) 10... d6 {[%emt 0:00:56] [#]} 11. e5 $146 ({Predecessor:} 11. a4 Nc6 12. Be3 e5 13. d5 Na5 14. Nd2 Ba6 15. Qa2 c6 16. Rfc1 Qd7 17. Bf1 Rac8 {1-0 (42) Sadovsky,A (2316)-Chernov,A (2314) Chess.com INT 2021}) 11... Nd7 12. Bf4 dxe5 13. Nxe5 Bxg2 14. Kxg2 Qb7+ 15. Kg1 Rfd8 16. Rfd1 Rac8 17. a4 Nxe5 18. Bxe5 Bd6 19. Qe2 Qc6 20. d5 exd5 21. cxd5 Qe8 22. Re1 Bxe5 23. Qxe5 Qxe5 24. Rxe5 $15 {[%emt 0:00:08][%mdl 4096] Endgame KRR-KRR} f6 25. Rf5 Kf7 26. c4 $1 Re8 27. a5 Ke7 28. axb6 axb6 29. c5 bxc5 (29... Ra8 $5 30. Rc1 b5 $11) 30. Ra6 Kd7 {[%emt 0:05:06] With the idea ...Ra8.} 31. Rc6 Re1+ 32. Kg2 Rc1 33. Rf4 h5 34. Rh4 Rh8 (34... Rb8 $5 ) 35. Ra4 {[%emt 0:01:13] The position is equal.} Rb8 {[%emt 0:02:45] [#] ...Rb6 is the strong threat.} 36. Ra7 Rc8 37. Ra5 Rc3 38. Ra4 ({But not} 38. Rcxc5 Rxc5 39. Rxc5 Kd6 $17) 38... Rb8 {[%emt 0:00:49] Strongly threatening ...Rb6.} 39. Ra7 Rc8 40. Ra4 Rc2 41. Kf3 Rc1 42. Rh4 Rh8 43. Ra4 Rc2 44. Ra5 Rc3+ 45. Kf4 Re8 {[%emt 0:10:40] [#] Threatens to win with ...Re5.} 46. Raxc5 Rxc5 47. Rxc5 $11 {[%emt 0:00:00] KR-KR} Re7 48. Rc6 Re5 49. Rc5 g5+ 50. Kf3 g4+ 51. Kg2 Rf5 52. Kf1 Rg5 53. Kg1 Re5 54. Kf1 Re4 55. Rc6 Rd4 56. Rc5 Rb4 57. Ke2 Re4+ 58. Kf1 Re5 59. Kg2 Re2 60. Kf1 Rb2 61. Ke1 Rb1+ 62. Ke2 Rb2+ 63. Ke3 Rb3+ 64. Ke2 Rb2+ 65. Ke3 Rb3+ 66. Ke2 h4 67. gxh4 Rh3 68. Rc6 Rxh2 69. Rxf6 g3 70. Kf1 gxf2 71. Rf4 Kd6 72. Rc4 Kd7 73. Rf4 Kd6 74. Rc4 Kxd5 75. Rxc7 Ke4 {[%emt 0:00:06] Weighted Error Value: White=0.05 (flawless) /Black=0.05 (flawless)} 1/2-1/2

[Event "Mitropa Cup Open 2022"]
[Site "Corte"]
[Date "2022.05.01"]
[Round "2.3"]
[White "Nemeth, Miklos"]
[Black "Mica, Marek"]
[Result "1-0"]
[ECO "C02"]
[WhiteElo "2451"]
[BlackElo "2334"]
[Annotator "TA"]
[PlyCount "88"]
[EventDate "2022.04.30"]
[EventType "team-tourn"]
[EventCountry "FRA"]
[SourceTitle "playchess.com"]
[Source "ChessBase"]
[SourceQuality "1"]
[TimeControl "40/5400+30:1800+30"]

1. e4 e6 2. d4 d5 3. e5 c5 4. c3 Bd7 5. Nf3 Nc6 6. Bd3 cxd4 {[%emt 0:03:33] C02: French: Advance Variation.} 7. O-O {[%emt 0:00:08] is now debated instead of 7.cxd4.} Qb6 8. a3 Nge7 {[%emt 0:01:37] The position is equal.} 9. Re1 Rc8 10. h4 (10. b4 $1 $11) 10... h6 11. h5 a6 {[%emt 0:02:32] [#]} 12. b4 $146 ({Predecessor:} 12. Nbd2 dxc3 13. bxc3 Na5 14. Rb1 Qc7 15. Qe2 Qxc3 16. Bb2 Qc7 17. Bd4 b5 18. a4 {0-1 (35) Dogan,N (2282)-Krishna,C (2479) Mersin 2021}) 12... dxc3 13. Nxc3 {[%emt 0:00:05] [#]} Nxb4 $1 14. Na4 Bxa4 15. Qxa4+ Nbc6 16. Rb1 Qc7 17. Bd2 Qd7 18. Qg4 Rc7 19. Nh4 g5 20. hxg6 fxg6 21. Nxg6 ({Much worse is} 21. Bxg6+ Nxg6 22. Qxg6+ Qf7 23. Qxf7+ Kxf7 $17) 21... Nxg6 (21... Rg8 $5 ) 22. Bxg6+ ({Reject} 22. Qxg6+ Qf7 $15) 22... Kd8 23. Qh3 {[%emt 0:06:43][%mdl 1024] White has compensation.} (23. Be3 $5 ) 23... Rg8 24. Bh5 {[%emt 0:02:05] This bishop pair is nice.} Qg7 {[%emt 0:01:49] Against Bg4} (24... Bc5 $11) 25. Rb3 {[%emt 0:06:47] The board is on fire. White is more active.} (25. Bf3 $16 Qg6 26. Be3) 25... Bc5 $11 26. Bf4 Nd4 27. Rg3 Qf8 28. Rxg8 Qxg8 29. Rd1 Qf8 30. g3 (30. Be3 $5 Nf5 31. Bxc5 Rxc5 32. Bg4 $11) 30... Nf5 31. a4 Rg7 32. Bg4 Rf7 33. Rd2 h5 (33... b6 $11) 34. Qxh5 $16 {[%emt 0:00:54] Strongly threatening Qg6.} Qg8 {[%emt 0:00:51][%mdl 8192] Against Qg6} (34... Kd7 $16) 35. Bxf5 $18 Rxf5 36. Rxd5+ $1 Kc7 (36... exd5 $142 37. Qxf5 Qf8) 37. Rxc5+ Kb6 38. Be3 Rxh5 39. a5+ Ka7 40. Rc8+ $1 {[%emt 0:00:06][%mdl 64] [#] Discovered Attack} b6 41. Rxg8 Rxe5 42. axb6+ {[%emt 0:00:21] White mates.} Kb7 43. Rg7+ Kc6 44. Rc7+ Kd5 {Weighted Error Value: White=0.11 (very precise) /Black=0.65} 1-0

[Event "Mitropa Cup Open 2022"]
[Site "Corte"]
[Date "2022.05.01"]
[Round "2.4"]
[White "Frank, Adam"]
[Black "Aron S P"]
[Result "1-0"]
[ECO "C99"]
[WhiteElo "2327"]
[BlackElo "2400"]
[Annotator "TA"]
[PlyCount "105"]
[EventDate "2022.04.30"]
[EventType "team-tourn"]
[EventCountry "FRA"]
[SourceTitle "playchess.com"]
[Source "ChessBase"]
[SourceQuality "1"]
[BlackTeam "India"]
[BlackTeamCountry "IND"]
[TimeControl "40/5400+30:1800+30"]

1. e4 e5 2. Nf3 Nc6 3. Bb5 a6 4. Ba4 Nf6 5. O-O Be7 6. Re1 b5 7. Bb3 d6 8. c3 O-O 9. h3 Na5 10. Bc2 c5 11. d4 Qc7 12. Nbd2 cxd4 13. cxd4 Nc6 14. Nb3 a5 15. Be3 a4 16. Nbd2 Nb4 17. Bb1 Bd7 18. a3 Nc6 19. Bd3 Rfb8 {[%emt 0:00:07] C99: Closed Ruy Lopez: Chigorin Defence: 11 d4 Qc7 12 Nbd2 cxd4.} 20. Qe2 Qd8 21. Rac1 {[%emt 0:05:24][%cal Ba1c1,Bc1c2,Bc2c5,Bc5e5][%mdl 32] [#]} Qe8 $146 {[%emt 0:06:13] White has an edge.} ({Predecessor:} 21... b4 22. Nc4 exd4 23. Nxd4 Ne5 24. Nf5 Bxf5 25. exf5 Nxd3 26. Qxd3 d5 27. Ne5 bxa3 {1-0 (71) Caceres Cortes,J (2007)-Levkovsky,A (2267) Montreal 2012}) 22. Rc2 Bd8 23. Rec1 Na5 (23... exd4 $11 24. Nxd4 Ne5) 24. dxe5 $16 dxe5 25. Rc5 {[%emt 0:02:57] White is more active.} Be7 (25... Nc6 $16) 26. Rxe5 $18 b4 $2 (26... h6 {might work better.} 27. g4 Rc8) 27. axb4 Nc6 {[%emt 0:07:56] [#]} 28. Rxc6 Bxc6 29. Bc5 Rb7 30. b5 (30. Nd4 $142) 30... Bxc5 $2 (30... Bxb5 31. Rxe7 Rxe7) 31. Rxe8+ Bxe8 32. e5 Re7 33. Ne4 Nd7 34. Neg5 g6 35. Qe4 Rd8 (35... Rc8 $142 36. Bc4 Nf8) 36. Qh4 Nf8 {[%emt 0:00:54] [#]} 37. Ne4 $1 Rxd3 (37... Red7 38. Nxc5) 38. Nxc5 {[%emt 0:00:06][%mdl 64] Discovered Attack} Rd1+ 39. Kh2 Rc7 {[%emt 0:00:52] [#]} 40. Qxa4 $1 Rd8 (40... Rxc5 41. Qxd1) 41. Qa5 Rcc8 42. Ne4 Rb8 43. Nd6 Ne6 44. Nd2 Bxb5 45. Qa7 ({Not} 45. Nxb5 Rd5 $16) 45... Bd7 46. N2e4 {[%emt 0:00:00] Strongly threatening Nf6+.} Ra8 47. Qe3 {[%emt 0:00:00] White wants to mate with Qh6.} Kg7 {[%emt 0:00:00] Inhibits Qh6+.} 48. Qf3 Rf8 49. Nf6 Ra7 {[%emt 0:02:50] [#]} 50. Nd5 (50. Nf5+ $142 $1 Kh8 {[#]} 51. Qe3 $1 Rg8 52. Qxa7 gxf5 53. Nxg8 Kxg8 54. Qxd7 Kf8 55. b4) 50... h5 {[%emt 0:02:43] White is clearly winning.} 51. Qf6+ Kh7 52. Nxf7 {[%emt 0:00:00] White threatens Ne7 and mate. Pair of Knights!} Be8 53. Ng5+ {[%emt 0:00:00] Black got outplayed after the opening.  Weighted Error Value: White=0.40/Black=1.04} 1-0

[Event "Mitropa Cup Open 2022"]
[Site "Corte"]
[Date "2022.05.01"]
[Round "2.5"]
[White "Koellner, Ruben Gideon"]
[Black "Moussard, Jules"]
[Result "0-1"]
[ECO "A48"]
[WhiteElo "2440"]
[BlackElo "2630"]
[Annotator "TA"]
[PlyCount "106"]
[EventDate "2022.04.30"]
[EventType "team-tourn"]
[EventCountry "FRA"]
[SourceTitle "playchess.com"]
[Source "ChessBase"]
[SourceQuality "1"]
[TimeControl "40/5400+30:1800+30"]

1. d4 Nf6 2. Nf3 g6 3. Nbd2 Bg7 4. e4 d6 5. Bc4 O-O 6. O-O Nc6 7. c3 e5 8. dxe5 Nxe5 9. Nxe5 dxe5 10. Qe2 a5 $5 {[%emt 0:02:21][%mdl 4] An interesting side line. B07: Pirc Defence: Miscellaneous Systems.} 11. a4 Qe7 12. b3 Rd8 {[%emt 0:00:04] The position is equal.} 13. Nf3 h6 14. Ba3 Qe8 {[%emt 0:00:34] [#]} 15. Rfd1 $146 ({Predecessor:} 15. Rfe1 Nh5 16. g3 Bg4 17. Rad1 Rxd1 18. Rxd1 Rd8 19. Kg2 Rxd1 20. Qxd1 Nf6 21. Qd3 {0-1 (67) Murzin,V (2519)-Onischuk,V (2620) Warsaw 2021}) 15... Bd7 16. Ne1 Be6 17. f3 c6 18. Nc2 Bxc4 19. Qxc4 b5 20. Qe2 Qe6 21. axb5 Rxd1+ 22. Qxd1 cxb5 23. Ne3 Qb6 24. Qe2 a4 25. Bb4 Bf8 $1 26. Bxf8 Kxf8 27. bxa4 bxa4 (27... Rxa4 28. Rb1 $11) 28. Kf1 (28. h4 $142) 28... Qc5 (28... a3 $17 29. Ra2 Kg7) 29. Qd3 $15 a3 30. Ke2 Rb8 31. Nc4 (31. c4 $1 $11) 31... Rb3 $36 {[%emt 0:08:08][%mdl 2048] Black has good play.} 32. Kd2 $2 (32. Qd6+ $1 $15 Qxd6 33. Nxd6) 32... Kg7 33. Kc2 Rb7 34. Rxa3 Qb5 {Inhibits Ra6. White must now prevent ...Qb1+.} ({Stronger than} 34... Qg1 35. Ra6 $17) 35. Qf1 {[%emt 0:00:18] Inhibits Qb1+.} (35. Kc1) 35... Ne8 {[%emt 0:02:43][%cal Oe8d6] Strongly threatening ...Nd6!} 36. Ra1 $2 (36. Ra5 Qb3+ 37. Kd2) 36... Qb3+ $19 37. Kd3 Rc7 38. Nd2 Rxc3+ ({Wrong is} 38... Rd7+ $2 39. Ke2 Qxc3 40. Ra2 $19) 39. Ke2 Qb5+ ({Inferior is} 39... Qc2 40. Qb1 $11) 40. Ke1 Qc5 41. Qf2 Qc6 (41... Re3+ $19 {and Black stays clearly on top.} 42. Kf1 Qb5+ 43. Kg1 Re2) 42. Rb1 Rc5 ({Black should play} 42... Rc2 $1 $19 {...Nd6 is the strong threat.} 43. Qe3 Nc7) 43. Qe3 Nd6 $1 44. Kf2 Nb5 45. Kg1 Rc3 46. Qe1 Nd4 47. Kh1 h5 {[%emt 0:04:33] 0x0.0022057a3264dp-1022s more active pieces.} (47... Ne6 $17 {aiming for ...Nf4.} 48. Nb3 Nf4) 48. Nf1 $1 $15 Qc5 49. h3 {[%emt 0:03:10] [#]} (49. h4 $15) 49... Ne6 $1 $17 {[%emt 0:00:18] And now ...Nf4 would win.} 50. Ng3 $2 {[%emt 0:04:04] [#]} (50. Qe2 $17 {is a better defense.}) 50... Nf4 $1 $19 {[%emt 0:01:01] Threatens to win with ...Rc2.} 51. Rd1 $2 (51. Ne2 Re3 52. Qc1 Qxc1+ 53. Nxc1) 51... Rc2 {[%emt 0:01:25] Black is clearly winning.} 52. Qg1 Qc3 53. Nf1 {[%emt 0:01:13] [#]} Nxh3 $1 {[%emt 0:00:32][%mdl 512] Weighted Error Value: White=0.62/Black=0.15 (very precise)} 0-1

[Event "Mitropa Cup Open 2022"]
[Site "Corte"]
[Date "2022.05.01"]
[Round "2.6"]
[White "Maurizzi, Marc'Andria"]
[Black "Krastev, Alexander"]
[Result "1-0"]
[ECO "B33"]
[WhiteElo "2489"]
[BlackElo "2402"]
[Annotator "TA"]
[PlyCount "69"]
[EventDate "2022.04.30"]
[EventType "team-tourn"]
[EventCountry "FRA"]
[SourceTitle "playchess.com"]
[Source "ChessBase"]
[SourceQuality "1"]
[TimeControl "40/5400+30:1800+30"]

1. e4 c5 2. Nf3 Nc6 3. d4 cxd4 4. Nxd4 Nf6 5. Nc3 e6 6. Ndb5 Bb4 7. a3 Bxc3+ 8. Nxc3 d5 9. Bd3 dxe4 10. Nxe4 Nxe4 11. Bxe4 Qxd1+ 12. Kxd1 Bd7 13. b3 {[%emt 0:11:58] B45: Sicilian Four Knights.} O-O-O 14. Bb2 {[%emt 0:03:10] [#]} f5 $146 ({Predecessor:} 14... e5 15. Ke2 f6 16. Rhd1 Be6 17. c4 h6 18. Bc3 Kc7 19. f3 b6 20. h4 a5 {½-½ (33) Pacher,M (2366)-Pihlajasalo,H (2264) Ohrid 2009}) 15. Bf3 {[%emt 0:12:25] White is slightly better.} Be8+ 16. Kc1 Nd4 17. Bd1 Bc6 18. c3 Nb5 (18... Bxg2 $2 19. Rg1 $18) 19. a4 Nd6 (19... Bxg2 $2 20. Rg1 Rxd1+ 21. Rxd1 $18) 20. f3 f4 21. c4 Nf5 22. b4 Ne3 23. Be2 Rhg8 24. b5 Be8 25. Ra3 Bg6 26. Be5 Rgf8 27. Rc3 Nxg2 28. c5 {[%emt 0:01:14] aiming for b6.} Ne3 {[%emt 0:00:13] [#]} (28... Rf5 $1 $11 {keeps the balance.} 29. Bxg7 Ne3) 29. b6 $1 $36 {[%emt 0:01:17][%mdl 2048] White is more active.} a5 30. c6 {[%emt 0:00:55][%cal Oe2a6] Hoping for Ba6!} bxc6 $2 {[%emt 0:01:41][%mdl 8192] Black cannot hold the game after this.} (30... Rf7 $1 $14) 31. Ba6+ $18 {[%emt 0:01:49] A strong pair of Bishops. White has a decisive advantage.} ({And not} 31. Rxc6+ Kb7 32. Bb5 (32. Rxe6 Rc8+ 33. Bc7 Nd5 $17) 32... Rc8 $17) 31... Kd7 {[%emt 0:00:04] [#]} 32. Rxe3 {[%emt 0:00:36][%mdl 512] Really sharp!} fxe3 33. Rd1+ Ke7 34. Rxd8 Rxd8 (34... Kxd8 $2 35. b7 Kd7 36. b8=Q Rxb8 37. Bxb8 $18) 35. b7 {[%emt 0:00:06] Weighted Error Value: White=0.04 (flawless) /Black=0.36} 1-0

[Event "Mitropa Cup Open 2022"]
[Site "Corte"]
[Date "2022.05.01"]
[Round "2.7"]
[White "Koelle, Tobias"]
[Black "Laurent-Paoli, Pierre"]
[Result "1/2-1/2"]
[ECO "D85"]
[WhiteElo "2384"]
[BlackElo "2487"]
[Annotator "TA"]
[PlyCount "59"]
[EventDate "2022.04.30"]
[EventType "team-tourn"]
[EventCountry "FRA"]
[SourceTitle "playchess.com"]
[Source "ChessBase"]
[SourceQuality "1"]
[TimeControl "40/5400+30:1800+30"]

1. d4 Nf6 2. c4 g6 3. Nc3 d5 4. cxd5 Nxd5 5. e4 Nxc3 6. bxc3 Bg7 7. Be3 c5 8. Qd2 Qa5 9. Nf3 Nc6 10. Rb1 a6 11. Rc1 cxd4 12. cxd4 Qxd2+ 13. Kxd2 e6 14. h4 {[%emt 0:00:41][%cal Bh2h4,Bh4h5][%mdl 32] D85: Exchange Grünfeld: Unusual White 7th moves and lines with 7 Nf3.} O-O 15. Bd3 h6 $1 {[%emt 0:02:23] 15...h6 scores better than 15...Rd8.} 16. e5 {[%emt 0:09:12] Black should prevent h5.} Rd8 17. h5 g5 18. Nxg5 {[%emt 0:00:15] next Ne4 is good for White.} Nxd4 ({But not} 18... hxg5 19. h6 Nxe5 20. dxe5 (20. hxg7 Nxd3 21. Bxg5 Kxg7 $11) 20... Bxe5 21. Bxg5 $16) 19. Bh7+ Kf8 20. Nxf7 Kxf7 21. Rc7+ Kf8 {[%emt 0:09:22][%cal Bf7f8,Bf8e8,Be8d8][%mdl 32] [#] aiming for ...Nb5+.} 22. Rd1 $1 {[%emt 0:00:11] Hoping for Ke1.} Nf5+ (22... Bxe5 $2 {is a self mate.} 23. Bxh6+) 23. Ke2 {[%emt 0:00:11][%cal Rd1d8] The board is on fire.} Rxd1 24. Bc5+ Ke8 25. Kxd1 {[%emt 0:00:13] [#] Threatens to win with Bg6+.} Bd7 (25... Bxe5 $5 26. Bg6+ Kd8 $11) 26. Bg6+ $1 Kd8 27. Bb6 {[%emt 0:00:05] [#] The position is equal.} Ke7 $146 ({Predecessor:} 27... Rc8 28. Rc6+ Ke7 29. Bc5+ Kd8 30. Bb6+ Ke7 31. Bc5+ Kd8 32. Bb6+ {½-½ (32) Andreikin,D (2724)-Grischuk,A (2764) Belgrade 2022}) 28. Bc5+ Kd8 29. Bb6 Ke7 30. Bc5+ {[%emt 0:00:03] Weighted Error Value: White=0.02 (flawless) /Black=0.01 (flawless)} 1/2-1/2

[Event "Mitropa Cup Open 2022"]
[Site "Corte"]
[Date "2022.05.01"]
[Round "2.8"]
[White "Loiseau, Quentin"]
[Black "Deuer, Marius"]
[Result "1-0"]
[ECO "B12"]
[WhiteElo "2462"]
[BlackElo "2356"]
[Annotator "TA"]
[PlyCount "116"]
[EventDate "2022.04.30"]
[EventType "team-tourn"]
[EventCountry "FRA"]
[SourceTitle "playchess.com"]
[Source "ChessBase"]
[SourceQuality "1"]
[TimeControl "40/5400+30:1800+30"]

1. e4 c6 2. d4 d5 3. e5 Bf5 4. Nf3 e6 5. Be2 c5 6. Be3 Qb6 7. Nc3 Nc6 (7... Qxb2 8. Nb5 $16) 8. O-O {[%emt 0:01:47] Black must now prevent dxc5. B12: Caro-Kann: Advance Variation.} Qxb2 9. Qe1 (9. Nb5 $5 Rc8 10. dxc5 $16) 9... cxd4 ({Don't play} 9... Bxc2 10. dxc5 Bg6 11. a3 $16) 10. Bxd4 {[%emt 0:01:56] The position is equal.} Nxd4 (10... Qxc2 $2 11. Rc1 Qb2 12. Nxd5 $1 Qxc1 13. Nc7+ Kd7 14. Qxc1 $18) (10... Bxc2 $2 11. Nb5 Nxd4 12. Nfxd4 $18) 11. Nxd4 Bb4 12. Ndb5 Ba5 $1 ({Don't do} 12... Bxc2 13. Qd2 Bxc3 14. Nxc3 $16) 13. Rb1 Qxc2 14. Rc1 Qb2 15. Na4 Bxe1 (15... Qxe5 $2 16. Qxa5 Rd8 17. Rfe1 $18) 16. Nxb2 Ba5 17. Nd6+ Ke7 18. Nxb7 {[%emt 0:00:37] Pair of Knights!} Bd8 19. Nxd8 Kxd8 20. Rfd1 Nh6 21. Nc4 {[%emt 0:07:30][%mdl 1024] [#] White has compensation.} Ke7 $146 ({Predecessor:} 21... f6 22. f4 Bg4 23. Bxg4 Nxg4 24. h3 Nh6 25. Nd6 Kd7 26. Rc3 fxe5 27. fxe5 Rhd8 {½-½ (44) Sarana,A (2631)-Rozum,I (2573) Khanty-Mansiysk 2018}) 22. Nd6 {[%emt 0:06:16] aiming for Rc7+.} Rhd8 23. Bb5 Kf8 24. Rc7 $36 {[%emt 0:03:10][%mdl 2048] White is more active.} a6 25. Be2 g5 26. g4 Bxg4 (26... Bg6 $11) 27. Bxg4 $14 Nxg4 28. Nxf7 {[%emt 0:00:08] And now h3 would win. 0x0.00192b908bb7dp-1022s more active pieces.} Rdc8 $1 {[%emt 0:09:24] [#]} 29. Rd7 (29. Nxg5 $1 $14 Rxc7 30. Nxe6+ Ke7 31. Nxc7) 29... Re8 $2 (29... Kg8 $11 {and Black is okay.}) 30. Nxg5 $2 ({White should play} 30. Rb1 $18) 30... Re7 $1 $11 31. Nxh7+ Ke8 32. Rxe7+ Kxe7 {[%emt 0:00:02][%mdl 4096] Endgame KRN-KRN} 33. f4 {[%emt 0:04:24] Hoping for Rb1.} Rg8 {[%emt 0:00:25] ...Ne3+ is the strong threat.} 34. Ng5 Nxe5 $1 35. Kf2 Ng6 36. Kg3 Kf6 37. h4 Kf5 38. Rf1 d4 39. h5 Nf8 (39... e5 $11 40. hxg6 exf4+ 41. Rxf4+ Kxg5) 40. Re1 $14 Nd7 41. Kf3 $1 Rc8 $1 (41... e5 $2 42. Nf7 Rg7 43. Nxe5 $18) 42. Ne4 {[%emt 0:00:00] Inhibits Rc3+.} ({Of course not} 42. Nxe6 Rc3+ 43. Kg2 Rc2+ 44. Kf1 Rxa2 $11) 42... Rg8 43. Rc1 {[%emt 0:00:00] Strongly threatening Rc7.} e5 {[%emt 0:04:03] [#]} ({Better is} 43... Rf8 $1 $14) 44. Rc7 $1 $18 Rd8 (44... Rg7) 45. Rc6 Rg8 46. Rd6 Rg4 47. Ng3+ Rxg3+ 48. Kxg3 Nf6 49. Rxf6+ $2 Kxf6 $11 50. fxe5+ Kxe5 $18 {[%emt 0:00:26] KPP-KPP} 51. h6 {[%emt 0:00:00] Intending h7 and mate.} Kf6 52. Kf4 {[%emt 0:00:00] White wants to mate with Ke4.} Kg6 53. Ke4 Kxh6 54. Kxd4 Kg6 55. Kc5 {[%emt 0:00:00] Kb6 would kill now.} Kf6 56. Kb6 Ke6 $2 (56... a5 $11) 57. Kxa6 Kd6 58. Kb6 Kd5 {Weighted Error Value: White=0.22 (precise) /Black=0.31} 1-0

[Event "Mitropa Cup Open 2022"]
[Site "Corte"]
[Date "2022.05.02"]
[Round "3.2"]
[White "Koellner, Ruben Gideon"]
[Black "Kusa, Jakub"]
[Result "1/2-1/2"]
[ECO "D02"]
[WhiteElo "2440"]
[BlackElo "2329"]
[Annotator "TA"]
[PlyCount "98"]
[EventDate "2022.04.30"]
[EventType "team-tourn"]
[EventCountry "FRA"]
[SourceTitle "playchess.com"]
[Source "ChessBase"]
[SourceQuality "1"]
[TimeControl "40/5400+30:1800+30"]

1. d4 d5 2. Nf3 e6 3. Bf4 Bd6 4. e3 Nf6 5. Ne5 O-O 6. Nd2 c5 7. c3 {[%emt 0:00:05] D02: 1 d4 d5 2 Nf3 sidelines, including 2...Nf6 3 g3 and 2...Nf6 3 Bf4.} Qc7 {[%emt 0:00:56] is now debated instead of 7...Nc6.} 8. Bd3 Nbd7 9. Ndf3 c4 10. Bc2 b5 11. Nxd7 {[%emt 0:04:50] [#]} (11. O-O {seems wilder.} a5 12. Nxd7 Nxd7 13. Bxd6 Qxd6 14. e4) 11... Nxd7 $146 ({Predecessor:} 11... Bxd7 12. Ne5 Rfd8 13. Qf3 h6 14. Nxd7 Rxd7 15. Bxh6 b4 16. Bf4 bxc3 17. bxc3 Bxf4 18. exf4 {½-½ (26) Siepen,R (1600)-Nikolaus,M (1326) Gelsenkirchen 2014}) 12. Bxd6 Qxd6 13. e4 dxe4 14. Bxe4 Rb8 15. O-O Bb7 16. Qe2 Bd5 17. Bxd5 Qxd5 18. a3 a5 19. Rfe1 Rfc8 20. Ne5 Nxe5 21. Qxe5 b4 22. axb4 axb4 23. Qg3 Qf5 24. Rac1 bxc3 25. bxc3 Rb2 26. h4 h6 27. Re5 Qd3 28. Re3 Qf5 29. Rf3 Qe4 30. Re3 Qf5 31. Ra1 Rb1+ 32. Rxb1 Qxb1+ $11 {[%emt 0:00:31][%mdl 4096] Endgame KQR-KQR} 33. Kh2 Qf5 34. Rf3 Qe4 35. Kh3 h5 36. Qg5 g6 37. Qf6 Qg4+ 38. Kh2 Rf8 39. Rf4 Qd1 40. Qe5 Qd3 41. Rf3 Qb1 42. Rg3 Qb8 43. Re3 Rd8 {[%emt 0:02:57] The position is equal.} 44. Kh3 Qb7 45. Qc5 Rc8 46. Qe5 Rd8 47. Qc5 Rc8 48. Qe5 Rd8 49. Qc5 Rc8 {Weighted Error Value: White=0.02 (flawless) /Black=0.04 (flawless)} 1/2-1/2

[Event "Mitropa Cup Open 2022"]
[Site "Corte"]
[Date "2022.05.02"]
[Round "3.3"]
[White "Mica, Marek"]
[Black "Krastev, Alexander"]
[Result "1-0"]
[ECO "A30"]
[WhiteElo "2334"]
[BlackElo "2402"]
[Annotator "TA"]
[PlyCount "99"]
[EventDate "2022.04.30"]
[EventType "team-tourn"]
[EventCountry "FRA"]
[SourceTitle "playchess.com"]
[Source "ChessBase"]
[SourceQuality "1"]
[TimeControl "40/5400+30:1800+30"]

1. Nf3 c5 2. c4 Nf6 3. g3 b6 4. Bg2 Bb7 5. Nc3 e6 6. O-O Be7 7. d4 O-O 8. d5 exd5 9. cxd5 d6 10. a4 {[%emt 0:04:28] E18: Queen's Indian: Old Main Line (4 g3 Bb7 5 Bg2 Be7 6 0-0 0-0 7 Nc3).} Na6 11. Nd2 Nb4 12. Nc4 {[%emt 0:00:52] White is slightly better.} Re8 13. e4 {[%emt 0:10:20] [#]} Ba6 $146 ({Predecessor:} 13... Qd7 14. Bf4 Rad8 15. b3 Qc8 16. Re1 h6 17. h3 Bf8 18. g4 Bxd5 19. exd5 Rxe1+ 20. Qxe1 {1-0 (29) Cerny,M (2136)-Vitova,A (1822) Czech Republic 2018}) 14. b3 {[%emt 0:01:46] White is more active.} (14. Nb5 $16) 14... Nd7 $14 15. Re1 ({White should try} 15. Bd2 $14) 15... Bf6 $1 $11 16. Bb2 Bxc4 17. bxc4 Bd4 {[%emt 0:00:04] aiming for ...Qf6.} 18. Qe2 $1 Qf6 (18... f5 $5) 19. Nd1 Ne5 {[%emt 0:02:00] Black wants to play ...Ned3.} 20. Rb1 $1 {[%emt 0:08:16] Black must now prevent Bxd4.} Ned3 $36 {[%emt 0:10:28][%mdl 2048] Black is more active. Pair of Knights!} (20... Nbd3 21. Bxd4 cxd4 22. f4 $16) 21. Rf1 a5 (21... Nxb2 $11 22. Nxb2 Re7) 22. Ba3 $1 $14 Qd8 (22... Ne5 $14 {is more appropriate.}) 23. Nb2 $2 (23. Rb3 $1 $16 ) 23... Ne5 $15 24. Kh1 Qd7 25. Ra1 (25. Rbc1 $17) 25... h5 (25... f5 $19 {...fxe4 is the strong threat.} 26. Bh3 Ng4 27. Bxg4 fxg4) 26. h3 ({Wrong is} 26. Qxh5 $2 Qg4 27. Qxg4 Nxg4 $19) (26. Rae1 $17) 26... f5 $1 $19 27. Kh2 (27. f4 $142 Nf7 28. Rac1) 27... Qf7 28. f4 Nd7 29. Nd3 (29. Rad1 $142) 29... fxe4 30. Nf2 e3 31. Ne4 Qe7 ({Black should play} 31... Bxa1 $19 32. Rxa1 h4) 32. Ng5 h4 (32... Bxa1 $15 33. Rxa1 Qf6) 33. gxh4 $2 (33. Be4 $1 $11) 33... Qf6 (33... Bxa1 $19 34. Rxa1 Qf6) 34. Rad1 Qh6 (34... Qf5 $1 $17) 35. Bf3 $11 Nf6 36. h5 Nh7 37. h4 Rf8 $2 (37... Re7 $11) 38. Be4 $1 $18 Nf6 39. Bg6 Ra7 (39... Na2 {might work better.}) 40. Ne6 Re7 41. Nxd4 $2 {[%emt 0:08:24] Really sharp!} (41. Nxf8 $18 Kxf8 42. Kg2) 41... cxd4 $11 42. Rxd4 {[%emt 0:00:06] [#]} (42. Bxb4 $11 {remains equal.} axb4 43. Rxd4) 42... Nd7 $2 (42... Nxh5 $1 $17 {and life is bright.} 43. Bxh5 (43. Qxh5 e2) 43... Nc2) 43. Kg3 (43. Bc1 $18 {and White stays clearly on top.}) 43... Rf6 {[%emt 0:03:29] [#]} ({Better is} 43... Nc5) 44. Bxb4 $2 (44. Bb1 $1 $16) 44... Rxg6+ 45. hxg6 Qxg6+ 46. Qg4 {[%emt 0:02:39] [#]} (46. Kh3 $1 $11 Qf5+ 47. Kg3 axb4 48. Rd3) 46... e2 $1 $17 47. Rg1 (47. Qxg6 $2 {too greedy.} exf1=Q 48. Re4 Qd3+ 49. Kf2 Rxe4 $19) 47... Qf6 (47... Qxg4+ $17 48. Kxg4 axb4) 48. Bc3 $18 Re3+ 49. Kf2 (49. Kh2 $142 Rxc3 50. Re4) 49... Rxc3 50. Qe6+ {[%emt 0:00:11] What a bad dream for Black.  Weighted Error Value: White=0.50/Black=0.61} 1-0